Map: Year Zero LE

Players

HeroMarine

  • Race: Terran Terran
  • Spawn Location: 11:00

Marinelord - Winner!

  • Race: Terran Terran
  • Spawn Location: 1:00

Event: 2019 WCS Spring

VOD

Have the link to the VOD?

Description

Time

  • Played on: May 17, 2019, 2:52 p.m.
  • Length: 4:22

All games in this series

Show
View Real Time Build Order
Export as new Build Order

HeroMarine Terran 

Build Orders: Gas First Reaper Expand 

Get SALT Encoding   

  12  0:00  SCV  
  13  0:12  SCV  
  14  0:17  Supply Depot  
  14  0:24  SCV  
  15  0:29  Refinery  
  15  0:39  SCV  
  16  0:46  Barracks  
  16  0:51  SCV  
  17  1:03  SCV  
  18  1:15  SCV  
  19  1:33  Reaper, Orbital Command  
  20  1:46  Bunker  
  20  1:52  Command Center  
  20  1:59  SCV  
  21  2:06  Factory  
  21  2:09  Barracks Reactor  
  21  2:12  SCV  
  22  2:18  Supply Depot  
  22  2:24  SCV  
  22  2:26  Refinery  
  23  2:40  SCV  
  24  2:45  Marine x2  
  24  2:51  Starport, Hellion  
  26  2:52  SCV  
  29  3:03  Marine x2  
  29  3:04  SCV  
  32  3:09  Orbital Command  
  32  3:13  Widow Mine  
  32  3:16  SCV  
  35  3:26  Marine x2  
  37  3:27  Starport Tech Lab  
  37  3:28  SCV  
  37  3:33  Refinery  
  38  3:35  Factory Tech Lab  
  40  3:45  Supply Depot  
  40  3:46  Marine x2  
  39  4:01  SCV x2  
  43  4:04  Marine x2  
Show
View Real Time Build Order
Export as new Build Order

Marinelord Terran - Winner!

Build Orders: 1/1/1 

Get SALT Encoding   

  12  0:00  SCV  
  13  0:12  SCV  
  14  0:17  Supply Depot  
  14  0:24  SCV  
  15  0:29  Refinery  
  15  0:39  SCV  
  16  0:49  Barracks  
  16  0:51  SCV  
  17  0:57  Refinery  
  17  1:03  SCV  
  18  1:15  SCV  
  19  1:35  Orbital Command  
  19  1:37  Barracks Reactor  
  19  1:38  Factory  
  19  1:47  Supply Depot  
  20  2:01  SCV  
  20  2:13  SCV, Reaper x2  
  23  2:22  Hellion, Starport  
  25  2:25  SCV  
  26  2:31  Supply Depot  
  26  2:37  SCV  
  26  2:43  Hellion  
  29  2:45  Reaper  
  29  2:48  Reaper  
  31  2:53  SCV  
  32  2:58  Medivac  
  32  3:01  Supply Depot  
  34  3:07  Hellion  
  36  3:18  Reaper  
  37  3:20  Reaper  
  38  3:35  Command Center  
  41  3:53  SCV  
  42  4:04  Marine x2  
  42  4:05  SCV  
  44  4:20  Factory Tech Lab  
Tags
 
Add a new tag
Caveats
  • Supply blocks, unpowered buildings, or Contaminate may cause inaccurate times.
  • Supply counts are checked every 10 seconds.